 Dungeon Crawl Stone Soup version 0.21.1-1-g345015fe64 (webtiles) character file.

92 LevaFresel the Bolt Thrower (level 4, -1/27 HPs)
             Began as a Kobold Hunter on June 9, 2018.
             Slain by a gnoll
             ... wielding a +0 whip
              (7 damage)
             ... on level 3 of the Dungeon.
             The game lasted 00:09:02 (2520 turns).

LevaFresel the Bolt Thrower (Kobold Hunter)         Turns: 2520, Time: 00:09:02

Health: -1/27      AC:  5    Str: 10    XL:     4   Next: 90%
Magic:  4/4        EV: 13    Int: 12    God:
Gold:   100        SH:  0    Dex: 15    Spells: 3/3 levels left

rFire    . . .     SeeInvis .   b - +0 short sword
rCold    . . .     Gourm    .   (shield restricted)
rNeg     . . .     Faith    .   t - +0 ring mail
rPois    .         Spirit   .   (no helmet)
rElec    .         Reflect  .   (no cloak)
rCorr    .         Harm     .   (no gloves)
MR       .....                  (no boots)
Stlth    +.........             (no amulet)
HPRegen  0.09/turn              (no ring)
MPRegen  0.09/turn              (no ring)

@: no status effects
A: small, carnivore
a: no special abilities


You were on level 3 of the Dungeon.
You were very full.

You visited 1 branch of the dungeon, and saw 3 of its levels.

You collected 100 gold pieces.

Inventory:

Hand Weapons
 a - a +1 hand crossbow
 b - a +0 short sword (weapon)
Armour
 n - a +0 scale mail
 o - a +0 pair of gloves
 t - a +0 ring mail (worn)
Scrolls
 c - a scroll of magic mapping {unknown}
 e - 2 scrolls of teleportation {unknown}
 h - 2 scrolls of identify {unknown}
 i - a scroll of immolation {unknown}
 k - 4 scrolls of remove curse
 q - 2 scrolls of amnesia {unknown}
 s - a scroll of enchant armour {unknown}
Potions
 g - a potion of lignification {unknown}
 j - a potion of resistance {unknown}
 l - a potion of mutation {unknown}
 m - a potion of ambrosia {unknown}
 p - 2 potions of curing
Comestibles
 f - 4 rations


   Skills:
 + Level 2.8 Fighting
 + Level 1.9 Short Blades
 * Level 5.6 Crossbows
 + Level 1.0 Armour
 + Level 3.0 Dodging
 - Level 2.0 Stealth


You had 3 spell levels left.
You didn't know any spells.

Dungeon Overview and Level Annotations

Branches:
Dungeon (3/15)

Altars:
Cheibriados

Annotations:
D:2 Terence


Innate Abilities, Weirdness & Mutations

You are small and have problems with some larger weapons.
You are carnivorous and can eat meat at any time.


Message History

A gnoll comes into view. It is wielding a spear.
The gnoll shouts! 2 gnolls come into view.
A goblin comes into view.
The gnoll hits you but does no damage.
The gnoll throws a throwing net.
The throwing net hits you.
You become entangled in the net!
You see here a throwing net.
You tear a large gash into the net.
The gnoll hits you with a spear.
You struggle against the net.
The gnoll hits you but does no damage. The gnoll hits you with a whip.
You struggle against the net.
The gnoll hits you with a spear. The gnoll misses you.
A gnoll comes into view. It is wielding a flail.
You rip the net and break free!
The gnoll shouts!
The gnoll hits you with a spear!
* * * LOW HITPOINT WARNING * * *
The gnoll hits you with a whip!
You die...

#...# #...# .# .. #...# .#
..###.## .#.# ........
##########.#.# # .......# #
#..........#.#.# #.....#
#.#..#.........#.#
#.....####.#..####........#
#........#...gg@.......(..+
#.....)..###..#g..........#
###......# #..#.......###.#
####......###..#.......# #
.......g.g..g..#.......#
####......##...#.......#
#......##...#.......#
##+######...#.......#
#...#########


You could see 3 gnolls.

Vanquished Creatures
  5 adders (D:2)
  A worm (D:3)
  2 leopard geckos
  An orc (D:3)
  2 giant cockroaches
  2 goblins
  6 hobgoblins
  7 kobolds
  A ball python (D:1)
  8 bats
  6 frilled lizards
  4 rats
45 creatures vanquished.

Notes
Turn   | Place    | Note
-------+----------+-------------------------------------------
     0 | D:1      | LevaFresel the Kobold Hunter began the quest for the Orb.
     0 | D:1      | Reached XP level 1. HP: 12/12 MP: 1/1
    93 | D:1      | Reached XP level 2. HP: 12/17 MP: 2/2
   216 | D:1      | Reached skill level 5 in Crossbows
   331 | D:1      | Reached XP level 3. HP: 20/22 MP: 3/3
   397 | D:1      | Reached skill level 1 in Short Blades
  1013 | D:1      | Reached XP level 4. HP: 27/27 MP: 4/4
  1412 | D:2      | Found a snail-covered altar of Cheibriados.
  1674 | D:2      | Reached skill level 1 in Armour
  2229 | D:2      | Noticed Terence
  2520 | D:3      | Slain by a gnoll

Skill      XL: |  1  2  3  4 |
---------------+-------------+-----
Crossbows      | 5 |  5.6
Stealth        | 2 |  2.0
Short Blades   | 1 |  1.9
Dodging        | 3 |  3.0
Armour         | 1 |  1.0
Fighting       | |  2.8

Action                   |  1- 3 |  4- 6 || total
-------------------------+-------+-------++-------
Melee: Short sword       |    29 |    84 ||   113
 Fire: Hand crossbow     |    31 |    41 ||    72
  Use: Scroll            |       |     1 ||     1
 Stab: Sleeping          |       |     1 ||     1
  Eat: Chunk             |     7 |     5 ||    12
Armor: Leather armour    |    13 |       ||    13
       Ring mail         |       |    25 ||    25
       Scale mail        |       |     8 ||     8
Dodge: Dodged            |    58 |    92 ||   150
